 Dungeon Crawl Stone Soup version 0.27-a0-1081-ge8a0a9c698 (webtiles) character file.

Game seed: 11946727160361555368

5412 HoaS the Cruncher (level 10, -21/58 HPs)
             Began as a Gargoyle Gladiator on Apr 25, 2021.
             Was an Elder of Okawaru.
             Demolished by a two-headed ogre
             ... wielding a +0 giant club
              (42 damage)
             ... on level 9 of the Dungeon.
             The game lasted 00:14:17 (9534 turns).

HoaS the Cruncher (Gargoyle Gladiator)              Turns: 9534, Time: 00:14:18

Health: -21/58     AC: 19    Str: 20    XL:     10   Next: 67%
Magic:  11/12      EV: 18    Int: 10    God:    Okawaru [****..]
Gold:   102        SH:  0    Dex: 11    Spells: 9/9 levels left

rFire    + . .     SeeInvis .   a - +0 quarterstaff (chaos)
rCold    . . .     Faith    .   (shield currently unavailable)
rNeg     + . .     Spirit   .   v - +0 steam dragon scales
rPois    ∞         Reflect  .   c - +0 helmet
rElec    +         Harm     .   u - +0 cloak
rCorr    .         Rampage  .   e - +0 pair of gloves
Will     .....                  q - +0 pair of boots
Stlth    +++.......             y - amulet of regeneration
HPRegen  1.19/turn              l - ring of protection from fire
MPRegen  0.13/turn              s - +4 ring of evasion

@: heroic
A: AC +7, negative energy resistance 1, electricity resistance, torment
resistance 1, unbreathing 1, petrification resistance
a: Renounce Religion, Heroism


You were on level 9 of the Dungeon.
You worshipped Okawaru.
Okawaru was greatly pleased with you.
You visited 2 branches of the dungeon, and saw 10 of its levels.

You collected 492 gold pieces.
You spent 390 gold pieces at shops.

Inventory:

Hand Weapons
 a - a +0 quarterstaff of chaos (weapon)
Missiles
 d - a throwing net (quivered)
 i - 150 bolts
 k - 8 datura-tipped darts
 n - 16 boomerangs
 t - 33 poisoned darts
Armour
 c - a +0 helmet (worn)
 e - a +0 pair of gloves (worn)
 h - a +0 plate armour
 q - a +0 pair of boots (worn)
 u - a +0 cloak (worn)
 v - +0 steam dragon scales (worn)
Jewellery
 l - a ring of protection from fire (left hand)
 s - a +4 ring of evasion (right hand)
 y - an amulet of regeneration (around neck)
Scrolls
 g - 2 scrolls of fog
 m - 2 scrolls of fear
 x - a scroll of teleportation
Potions
 b - 2 potions of curing {unknown}
 f - 3 potions of might
 j - 3 potions of heal wounds
 o - 2 potions of mutation {unknown}
 p - 2 potions of haste {unknown}
 r - a potion of flight {unknown}
 w - a potion of attraction {unknown}
 z - a potion of lignification {unknown}
 A - a potion of ambrosia {unknown}


   Skills:
 * Level 4.3(9.3) Fighting
 - Level 14.0(19.0) Staves
 - Level 1.7(6.7) Throwing
 + Level 2.2(7.2) Armour
 + Level 3.1(8.1) Dodging
 + Level 3.9 Invocations


You had 9 spell levels left.
You didn't know any spells.
Your spell library contained the following spells:

 Spells                   Type           Power      Damage    Failure   Level
 Sandblast                Erth           0%         2d4       36%         1
 Passwall                 Tmut/Erth      0%         N/A       50%         2
 Stone Arrow              Conj/Erth      0%         3d7       75%         3
 Petrify                  Tmut/Erth      0%         N/A       98%         4
 Lee's Rapid Deconstruct  Erth           0%         3d5*      100%        5


Dungeon Overview and Level Annotations

Branches:
Dungeon (9/15)             Temple (1/1) D:4
   Lair: D:8-11         Orc: D:9-12

Altars:
Ashenzari
Cheibriados
Dithmenos
Elyvilon
Fedhas
Gozag
Hepliaklqana
Kikubaaqudgha
Makhleb
Nemelex Xobeh
Okawaru
Qazlal
Ru
Sif Muna
Trog
Uskayaw
Vehumet
Wu Jian
Xom
Yredelemnul
Zin
The Shining One

Shops:
D:8 =

Annotations:
D:7 3 runed translucent doors, T2blue's ghost, novice MiBe


Innate Abilities, Weirdness & Mutations

Your stone body is resilient. (AC +7)
You are immune to poison.
You resist negative energy. (rN+)
You are resistant to electric shocks. (rElec)
You are resistant to unholy torment.
You can survive without breathing.
You are immune to petrification.


Message History

You throw a throwing net.
The throwing net hits the two-headed ogre.
The two-headed ogre is caught in the net!
You gain the combat prowess of a mighty hero.
The two-headed ogre struggles against the net.
You sock the two-headed ogre!
The two-headed ogre seems to grow stronger.
The two-headed ogre is lightly wounded.
The two-headed ogre struggles against the net.
You hit the two-headed ogre. You freeze the two-headed ogre.
The two-headed ogre is moderately wounded.
The two-headed ogre struggles against the net.
You hit the two-headed ogre but do no damage.
The two-headed ogre is moderately wounded.
You thump the two-headed ogre!
The two-headed ogre is heavily wounded.
The two-headed ogre struggles against the net.
You completely miss the two-headed ogre.
The two-headed ogre is heavily wounded.
The two-headed ogre struggles against the net.
You barely miss the two-headed ogre.
The two-headed ogre is heavily wounded.
You sock the two-headed ogre!
The two-headed ogre is severely wounded.
The two-headed ogre struggles against the net.
The net rips apart, and the two-headed ogre comes free!
You hit the two-headed ogre. You burn the two-headed ogre.
The two-headed ogre is severely wounded.
You hit the two-headed ogre. You freeze the two-headed ogre.
The two-headed ogre is severely wounded.
The two-headed ogre barely misses you.
The two-headed ogre hits you with a +0 giant spiked club!!!
Ouch! That really hurt!
You hit the two-headed ogre. You burn the two-headed ogre.
The two-headed ogre is severely wounded.
You hit the two-headed ogre.
The two-headed ogre is severely wounded.
The two-headed ogre hits you with a +0 giant club!!!
Ouch! That really hurt!
You die...

#.##########.#.###+#
##'##### #.#...... #......#
#........ #......#
###...... #########......#
#...... #.<........#####
#...... ############
#......
#####################......
...(.....O@................
.###....##############.)...
#........... ##'#..
#........... #.#..
#........... #.#..
#........... #.###
#........... #.#
#........... ...
............ ...


You could see a two-headed ogre (strong).

Vanquished Creatures
  A hydra (D:6)
  Pikel (D:5)
  A troll (D:9)
  A meliai (D:7)
  A jumping spider (shapeshifter) (D:8)
  Prince Ribbit (D:5)
  2 steam dragons (D:7)
  Duvessa (D:5)
  A water moccasin (D:5)
  3 orc warriors
  2 ice beasts
  2 ogres
  A necrophage (D:6)
  3 centaurs
  A lemure (D:5)
  2 kobold brigands
  A bullfrog (D:7)
  Dowan (D:5)
  2 scorpions
  A water moccasin zombie (D:2)
  A water moccasin skeleton (D:5)
  3 killer bees (D:8)
  12 wights
  5 howler monkeys
  2 centaur zombies
  An orc priest (D:6)
  A bullfrog zombie (D:6)
  2 hounds
  A centaur skeleton (D:6)
  3 iguanas
  3 orc wizards
  A hound zombie (D:5)
  A howler monkey skeleton (D:6)
  3 gnolls (D:4)
  6 adders
  A shadow imp (D:7)
  A white imp (D:8)
  4 worms
  2 dart slugs
  24 orcs
  7 bats
  7 endoplasms
  3 giant cockroaches
  9 goblins
  5 hobgoblins
  4 quokkas
  7 ball pythons
  3 frilled lizards
  18 kobolds
  9 rats
178 creatures vanquished.

Vanquished Creatures (collateral kills)
  2 howler monkeys (D:8)
2 creatures vanquished.

Grand Total: 180 creatures vanquished

Notes
Turn   | Place    | Note
-------+----------+-------------------------------------------
     0 | D:1      | HoaS the Gargoyle Gladiator began the quest for the Orb.
     0 | D:1      | Reached XP level 1. HP: 12/12 MP: 1/1
    19 | D:1      | Found a faded altar of an unknown god.
   146 | D:1      | Reached XP level 2. HP: 16/17 MP: 2/2
   504 | D:1      | Reached skill level 4 in Staves
   519 | D:1      | Reached XP level 3. HP: 9/21 MP: 3/3
  1386 | D:2      | Reached XP level 4. HP: 26/26 MP: 4/4
  1676 | D:2      | Reached skill level 5 in Staves
  1676 | D:2      | Reached XP level 5. HP: 10/30 MP: 5/5
  2620 | D:4      | Reached skill level 6 in Staves
  2621 | D:4      | Found a staircase to the Ecumenical Temple.
  2632 | Temple   | Entered the Ecumenical Temple
  2938 | Temple   | Became a worshipper of Warmaster Okawaru
  3212 | D:4      | Reached skill level 1 in Invocations
  3212 | D:4      | Reached XP level 6. HP: 26/35 MP: 6/6
  3635 | D:5      | Entered Level 5 of the Dungeon
  3635 | D:5      | Noticed Duvessa
  3635 | D:5      | Noticed Dowan
  3952 | D:5      | Reached skill level 7 in Staves
  3974 | D:5      | Noticed Prince Ribbit
  4260 | D:5      | Reached * piety under Okawaru
  4261 | D:5      | Reached XP level 7. HP: 29/40 MP: 8/8
  4527 | D:5      | Noticed Pikel
  4552 | D:5      | Killed Pikel
  4552 | D:5      | Reached ** piety under Okawaru
  4553 | D:5      | Reached skill level 9 in Staves
  4553 | D:5      | Reached XP level 8. HP: 38/44 MP: 10/10
  5065 | D:5      | Killed Prince Ribbit
  5066 | D:5      | Reached skill level 10 in Staves
  5443 | D:5      | Killed Duvessa
  5456 | D:5      | Killed Dowan
  6076 | D:6      | Reached skill level 11 in Staves
  6076 | D:6      | Reached XP level 9. HP: 45/48 MP: 11/11
  6133 | D:5      | Reached *** piety under Okawaru
  6293 | D:6      | Noticed an eight-headed hydra
  6376 | D:6      | Killed an eight-headed hydra
  6377 | D:6      | Reached skill level 12 in Staves
  7125 | D:7      | Found a runed translucent gate.
  7127 | D:7      | Found a runed translucent gate.
  7127 | D:7      | Noticed T2blue's ghost (novice MiBe)
  7128 | D:7      | Found a runed translucent gate.
  7128 | D:7      | Noticed a hornet
  7196 | D:7      | Reached skill level 13 in Staves
  7364 | D:7      | Reached XP level 10. HP: 37/53 MP: 12/12
  7551 | D:7      | Reached **** piety under Okawaru
  7866 | D:7      | Found a snail-covered altar of Cheibriados.
  8386 | D:8      | Reached skill level 14 in Staves
  8412 | D:8      | Found Qur Gooc's Jewellery Shop.
  8435 | D:8      | Bought an amulet of regeneration for 390 gold pieces
  8896 | D:8      | Reached skill level 1 in Armour
  9514 | D:9      | Noticed a two-headed ogre
  9534 | D:9      | Demolished by a two-headed ogre

Illustrated notes

Levels and vault maps discovered:
D:1:      dpeg_arrival_lava_altar, layout_rooms,
          chequers_ecumenical_altar_simple, minmay_pentomino_q4
D:2:      layout_loops_ring, minmay_strange_pillars
D:3:      layout_rooms, minmay_misc_feat_encased
D:4:      layout_loops_cross, minmay_temple_entry_large_hall
D:5:      layout_loops_ring, abandoned_shop, uniq_prince_ribbit1, uniq_duvessa,
          uniq_pikel
D:6:      layout_rooms, corexii_corridor_pit
D:7:      layout_loops_ring, marbit_many_paths, serial_glass, glass_columns_c,
          glass_columns_c, gammafunk_ghost_split,
          hangedman_abyss_or_decor_jellyfish_corner
D:8:      layout_basic, serial_shops, shop_coins, serial_curves, eino_curves_02,
          eino_curves_02, eino_curves_01, serial_bayou_crossing
D:9:      layout_basic, dpeg_lair_monsters
Temple:   roderic_octagonal_lattice_temple

Skill      XL: |  1  2  3  4  5  6  7  8  9 10 |
---------------+-------------------------------+-----
Staves         | 4 5 6 7 9 11 13 14 | 14.0
Invocations    | 1 2 3 |  3.9
Fighting       | 4 |  4.3
Armour         | 2 |  2.2
Dodging        | 3 |  3.1
Throwing       | |  1.7

Action                   |  1- 3 |  4- 6 |  7- 9 | 10-12 || total
-------------------------+-------+-------+-------+-------++-------
Melee: Quarterstaff      |   110 |   208 |   252 |   239 ||   809
Throw: Throwing net      |       |     1 |     2 |     2 ||     5
       Boomerang         |       |       |     5 |     2 ||     7
       Dart              |       |       |     1 |       ||     1
Invok: Heroism           |       |       |     2 |     2 ||     4
  Use: Scroll            |     3 |     2 |     4 |     3 ||    12
       Potion            |       |       |     1 |       ||     1
 Stab: Held in net/web   |       |     1 |     2 |       ||     3
       Confused          |       |       |       |     2 ||     2
Armor: Leather armour    |    50 |    24 |       |       ||    74
       Chain mail        |       |    50 |       |       ||    50
       Plate armour      |       |    62 |   130 |       ||   192
       Steam dragon scal |       |       |     7 |    68 ||    75
Dodge: Dodged            |    69 |    82 |   101 |   152 ||   404

Table legend: (Time is in decaauts)
 A = Elapsed time spent in this place.
 B = Non-inter-level travel time spent in this place.
 C = Inter-level travel time spent in this place.
 D = Time resting spent in this place.
 E = Time spent auto-exploring this place.
 F = Levels seen in this place.
 G = Mean time per level.
                   A        B        C        D        E       F      G
               +--------+--------+--------+--------+--------+-----+--------+
         Total |   9411 |   9135 |    276 |   3172 |   4468 |  10 |  941.1 |
       Dungeon |   9087 |   8855 |    232 |   3172 |   4190 |   9 | 1009.7 |
        Temple |    323 |    279 |     44 |      0 |    278 |   1 |  323.0 |
               +--------+--------+--------+--------+--------+-----+--------+

Top non-repeatable levels by time:
     D:5: 2088 daAuts
     D:4: 1190 daAuts
     D:1: 1171 daAuts
     D:7: 1032 daAuts
     D:8: 916 daAuts
     D:2: 862 daAuts
     D:6: 799 daAuts
     D:3: 589 daAuts
     D:9: 437 daAuts
  Temple: 323 daAuts
